 Dungeon Crawl Stone Soup version 0.31-a0-142-g31f6795574 (webtiles) character file.

Game seed: 10413372759368361292

109399 hikkokomori the Fighter (level 15, -10/132 HPs)
             Began as a Demigod Earth Elementalist on June 3, 2023.
             Killed from afar by Nikola (76 damage)
             ... with an arc of chain lightning
             ... on level 3 of the Spider Nest.
             The game lasted 01:41:03 (29614 turns).

hikkokomori the Fighter (DgEE)                     Turns: 29614, Time: 01:41:04

Health: -10/132    AC: 23    Str: 13    XL:     15   Next: 56%
Magic:  25/32      EV: 16    Int: 27    God:
Gold:   1831       SH:  5    Dex: 28    Spells: 10/32 levels left

rFire   . . .        O - +7 longbow (heavy)
rCold   + + .        (shield currently unavailable)
rNeg    + . .        r - +9 ring mail of the Hidden Teeth {rN+ Int+3 Stlth+}
rPois   .            N - +2 helmet {SInv}
rElec   .            L - +0 cloak
rCorr   .            I - +0 pair of gloves "Cood" {rF- rC++ Int+3 Dex+2}
SInv    +            H - +2 pair of boots
Will    +....        v - amulet of reflection
Stlth   +++++        T - ring of protection from fire
HPRegen 0.42/turn    s - ring of wizardry
MPRegen 0.23/turn

%: reflection, wizardry (x1)
@: very slightly contaminated, studying Shields
A: high MP 1, forlorn, divine attributes
a: no special abilities


You were on level 3 of the Spider Nest.
You visited 4 branches of the dungeon, and saw 25 of its levels.

You collected 2807 gold pieces.
You spent 976 gold pieces at shops.

Inventory:

Hand Weapons
 O - a +7 heavy longbow (weapon)
Missiles
 z - 8 curare-tipped darts
 S - 15 atropa-tipped darts
 U - 4 throwing nets
Armour
 o - a +1 pair of boots of rampaging
 r - the +9 ring mail of the Hidden Teeth (worn) {rN+ Int+3 Stlth+}
   (You found it on level 4 of the Dungeon)

   Int:       It affects your intelligence (+3).
   rN:        It protects you from negative energy.
   Stlth:     It makes you more stealthy.
 H - a +2 pair of boots (worn)
 I - the +0 pair of gloves "Cood" (worn) {rF- rC++ Int+3 Dex+2}
   (You found it on level 7 of the Dungeon)

   Int:       It affects your intelligence (+3).
   Dex:       It affects your dexterity (+2).
   rF:        It makes you vulnerable to fire.
   rC:        It greatly protects you from cold.
 L - a +0 cloak (worn)
 N - a +2 helmet of see invisible (worn)
Jewellery
 p - the ring "Earthly Heaven" {Fire rPois rN+ Slay-2}
   (You found it on level 13 of the Dungeon)

   [ring of fire]

   It enhances your fire magic.
   Slay:      It affects your accuracy & damage with ranged weapons and melee
   (-2).
   rF:        It protects you from fire.
   rC:        It makes you vulnerable to cold.
   rPois:     It protects you from poison.
   rN:        It protects you from negative energy.
 s - a ring of wizardry (right hand)
 v - an amulet of reflection (around neck)
 G - an amulet of magic regeneration
 K - a +6 ring of strength
 R - a ring of flight
 T - a ring of protection from fire (left hand)
 X - a +6 ring of intelligence
 Y - a +6 ring of dexterity
Wands
 d - a wand of paralysis (29)
 B - a wand of flame (10)
 C - a wand of light (7)
 D - a wand of iceblast (8)
 F - a wand of polymorph (11)
Scrolls
 c - 4 scrolls of teleportation
 e - 3 scrolls of enchant armour
 f - 5 scrolls of immolation
 g - 3 scrolls of blinking
 l - 4 scrolls of silence
 w - 2 scrolls of amnesia {unknown}
 y - a scroll of butterflies {unknown}
 J - 7 scrolls of fog
 M - a scroll of vulnerability {unknown}
 P - 2 scrolls of brand weapon {unknown}
 W - 2 scrolls of poison
 Z - 4 scrolls of magic mapping
Potions
 a - 2 potions of ambrosia
 b - a potion of magic
 h - 4 potions of berserk rage
 i - a potion of heal wounds
 j - 5 potions of brilliance
 k - 2 potions of haste
 m - 3 potions of lignification
 n - 2 potions of might
 q - 2 potions of curing
 t - 2 potions of cancellation
 u - 3 potions of attraction
 x - 4 potions of mutation
 E - 3 potions of enlightenment
Miscellaneous
 A - a phial of floods (inert)
 Q - a phantom mirror (inert)
 V - a lightning rod (4/4)


   Skills:
 + Level 12.0 Fighting
 - Level 3.2 Long Blades
 + Level 10.7 Ranged Weapons
 - Level 4.0 Armour
 - Level 7.1 Dodging
 + Level 7.7 Stealth
 - Level 9.1 Spellcasting
 - Level 7.4 Conjurations
 - Level 4.3 Hexes
 + Level 9.5 Summonings
 - Level 6.5 Transmutations
 - Level 2.7 Fire Magic
 - Level 5.2 Earth Magic
 - Level 3.0 Poison Magic
 - Level 5.2 Evocations


You had 10 spell levels left.
You knew the following spells:

 Your Spells              Type           Power      Damage    Failure   Level
a - Sandblast             Erth           80%        2d17      1%          1
b - Wereblood             Tmut           47%        N/A       1%          2
c - Stone Arrow           Conj/Erth      92%        3d12      1%          3
d - Ignite Poison         Fire/Tmut/Pois 34%        N/A       2%          3
e - Mephitic Cloud        Conj/Pois/Air  31%        N/A       2%          3
f - Irradiate             Conj/Tmut      25%        3d20      6%          5
g - Summon Mana Viper     Hex/Summ       50%        N/A       6%          5

Your spell library contained the following spells:

 Spells                   Type           Power      Damage    Failure   Level
 Beastly Appendage        Tmut           94%        N/A       1%          1
 Magic Dart               Conj           100%       1d8       1%          1
 Call Imp                 Summ           100%       N/A       1%          2
 Passwall                 Tmut/Erth      36%        N/A       1%          2
 Spider Form              Tmut/Pois      38%        N/A       1%          3
 Hailstorm                Conj/Ice       32%        3d8       2%          3
 Petrify                  Tmut/Erth      44%        N/A       3%          4
 Freeze                   Ice            48%        1d6       4%          1
 Necrotise                Necr           48%        1d6       4%          1
 Sticky Flame             Conj/Fire      39%        2d6       4%          4
 Iskenderun's Battlesphe  Conj           51%        2d10      4%          5
 Sublimation of Blood     Necr           12%        N/A       6%          2
 Summon Ice Beast         Ice/Summ       38%        N/A       6%          4
 Frozen Ramparts          Ice            24%        1d4       12%         3
 Vampiric Draining        Necr           12%        2d6       12%         3
 Manifold Assault         Tloc           12%        N/A       34%         4
 Leda's Unmaking          Conj/Erth      23%        9d4       38%         6
 Monstrous Menagerie      Summ           29%        N/A       52%         7
 Spellforged Servitor     Conj/Summ      27%        N/A       65%         7
 Agony                    Necr           12%        N/A       69%         5
 Dispersal                Tloc           6%         N/A       99%         6
 Disjunction              Tloc           6%         N/A       100%        8
 Ignition                 Fire           13%        3d6       100%        8


Dungeon Overview and Level Annotations

Branches:
Dungeon (15/15)            Temple (0/1) D:5            Lair (5/5) D:9
 Shoals (0/4) Lair:2       Spider (3/4) Lair:2        Slime (0/5) Lair:4
    Orc (2/2) D:11            Elf (0/3) Orc:2        Vaults (0/5) D:13
 Depths (0/4) D:15

Shops:
D:9 [(   D:12 *   D:15 ?   Orc:1 [   Orc:2 (=[**

Annotations:
D:4 2 transporters, pigah's ghost, amateur OpWn
D:13 2 transporters, exclusion: orange crystal statue, Mexzoddasi's ghost, journeyman MiBe
Spider:3 Nikola


Innate Abilities, Weirdness & Mutations

You have an increased reservoir of magic. (+10% MP)
You shall have no god before yourself.
Your divine heritage dramatically boosts your attributes as you level up.


Message History

Unknown command.
You shoot an arrow. The arrow hits Nikola!!
Nikola is moderately wounded.
Nikola hits Nikola with a +1 rapier of electrocution!
Nikola hits you with a +1 rapier of electrocution.
You are electrocuted!
Unknown command.
Unknown command.
Fire: O) +7 longbow (heavy)
Press: ? - help, Shift-Dir - straight line, f/p - Nikola
Aim: Nikola, wielding a +1 rapier of electrocution, wearing a +0 cloak and wearing a +0 pair of gloves (moderately wounded, waterlogged, ally target, 79% to hit)
Nikola hits Nikola with a +1 rapier of electrocution!
Lightning courses through Nikola!
Unknown command.
Casting: Ignite Poison (mildly dangerous; 2% risk of failure)
Confirm with . or Enter, or press ? or * to list all spells.
You erupt in a fountain of uncontrolled magic!
Nikola is blasted with magical radiation!
Nikola is heavily wounded.
Nikola twists and deforms.
You are very lightly contaminated with residual magic.
You are no longer corroded.
Nikola completely misses Nikola.
Nikola hits you but does no damage.
Unknown command.
Nikola is no longer waterlogged.
Nikola is no longer waterlogged.
Nikola hits Nikola with a +1 rapier of electrocution!
Nikola hits you but does no damage.
Unknown command.
Fire: O) +7 longbow (heavy)
Press: ? - help, Shift-Dir - straight line, f/p - Nikola
Aim: Nikola, wielding a +1 rapier of electrocution, wearing a +0 cloak and wearing a +0 pair of gloves (heavily wounded, misshapen and mutated, ally target, 79% to hit)
You shoot an arrow. The arrow hits Nikola!!
Nikola is severely wounded.
Nikola shimmers and vanishes!
You block Nikola's attack.
Nikola gestures wildly while chanting.
Lightning arcs from Nikola's hands!
The bolt of lightning hits you!!!!
Ouch! That really hurt!
You die...

####...# ###.....#*,,^**,^****
.##...^# ###...^#,,**,,,^*,,**,*
^^.....####.#....#,,^**..,^B##..,
#..#..^#.........#,,,,*..,,.#@..,
######...........#*,,,*#.##....*,
#....##..#.#.#.#####*,,,^.#...,*,
......#..#######...#,^,,....##**.
....#...^###^.#....#,,,##..#.#..(
.###......#..^..@.######@.†.....#
^^.#....^##..#.##@.##...†?.....#*
.....#.#..#^.......#....########,
##..^#...>###..#..~#....# **
.#..##...##.^..#..~^.#.## *
.#...#...##...##..~~~### *
.#.).#..##...######### **
##.|###...#..#,,*** *, #...#
##....##,,,,* **


You could see Nikola (misshapen).

Vanquished Creatures
  Bai Suzhen (Spider:3)
  Arachne (Spider:3)
  Mlioglotl (Spider:2)
  Jorgrun (D:13)
  Agnes (Spider:3)
  A ghost moth (Spider:2)
  A broodmother (Spider:1)
  Snorg (D:13)
  A fire dragon (D:15)
  4 hydras
  3 entropy weavers
  An ice dragon (D:15)
  2 vault guards (D:13)
  A radroach (Spider:2)
  7 centaur warriors
  A jorogumo (Spider:1)
  A catoblepas (Lair:4)
  8 boulder beetles
  4 two-headed ogres
  A tengu warrior (D:13)
  4 demonic crawlers
  3 skeletal warriors (D:12)
  2 pharaoh ants
  2 orb spiders
  2 deep elf pyromancers
  2 wizards (D:13)
  The ghost of IdlyInterested the Fighter, a novice DsWn (D:7)
  2 steelbarb worms
  3 orc knights (Orc:2)
  2 harpies (Lair:2)
  2 manticores
  8 wolf spiders
  An orc sorcerer (Orc:1)
  5 cyclopes
  An oklob plant (Lair:4)
  A moth of wrath (Spider:1)
  3 elephants
  12 ugly things
  A centaur zombie (D:10)
  Maggie (D:7)
  22 cane toads
  3 black mambas
  2 torpor snails
  A gargoyle (D:10)
  6 rime drakes
  2 unseen horrors
  A kobold demonologist (D:13)
  A freezing wraith (D:14)
  15 komodo dragons
  3 meliai (Spider:1)
  A troll (shapeshifter) (D:12)
  A hornet (D:10)
  A tyrant leech (Lair:1)
  7 tarantellas
  7 trolls
  2 nameless horrors
  8 jumping spiders
  10 slime creatures (D:13)
  A meliai zombie (D:10)
  3 wyverns
  A vampire (D:10)
  3 wraiths
  6 shadows
  44 yaks
  11 culicivoras
  3 basilisks
  A golden eye (shapeshifter) (D:15)
  21 humans (D:13)
  23 redbacks
  5 vampire mosquitoes
  2 steam dragons
  5 wargs
  A swamp worm (Lair:1)
  6 acid dragons
  20 water moccasins
  4 black bears
  31 orc warriors
  2 sky beasts (D:8)
  8 ogres
  5 wolves
  24 centaurs
  5 phantoms
  13 bullfrogs
  2 gnoll sergeants
  3 scorpions
  8 wights
  22 killer bees
  4 howler monkeys
  An electric eel (Lair:3)
  9 hounds
  3 jellies
  Crazy Yiuf (D:7)
  15 orc priests
  A sleepcap (D:5)
  2 iguanas
  21 orc wizards
  8 ogre zombies (D:11)
  A killer bee simulacrum (D:9)
  12 gnolls
  7 adders
  4 white imps
  A howler monkey simulacrum (D:9)
  3 ufetubi
  A worm (D:5)
  74 orcs
  6 bats
  5 endoplasms
  3 giant cockroaches
  4 goblins
  6 hobgoblins
  6 jackals
  4 quokkas
  13 ball pythons
  7 frilled lizards
  A goblin skeleton (D:11)
  2 goblin zombies (D:11)
  A hobgoblin skeleton (D:11)
  3 hobgoblin zombies (D:11)
  4 kobolds
  3 orc skeletons (D:11)
  15 orc zombies (D:11)
  11 rats
738 creatures vanquished.

Vanquished Creatures (collateral kills)
  A centaur warrior (D:15)
  An ugly thing (D:15)
  A deep elf pyromancer (D:15)
  A jumping spider (Spider:3)
  A bullfrog (Lair:4)
5 creatures vanquished.

Vanquished Creatures (others)
  A shadow (D:9)
1 creature vanquished.

Grand Total: 744 creatures vanquished

Notes
Turn   | Place    | Note
-------+----------+-------------------------------------------
     0 | D:1      | hikkokomori the Demigod Earth Elementalist began the quest
                  | for the Orb.
     0 | D:1      | Reached XP level 1. HP: 14/14 MP: 5/5
    62 | D:1      | Reached skill level 1 in Transmutations
   259 | D:1      | Reached XP level 2. HP: 19/20 MP: 1/7
  1259 | D:2      | Reached XP level 3. HP: 26/27 MP: 5/8
  1636 | D:2      | Reached skill level 1 in Fighting
  2427 | D:3      | Noticed a moth of wrath
  2699 | D:3      | Reached XP level 4. HP: 4/35 MP: 6/10
  2926 | D:3      | Learned a level 2 spell: Wereblood
  2930 | D:3      | Learned a level 3 spell: Stone Arrow
  3047 | D:4      | Reached XP level 5. HP: 34/40 MP: 11/11
  3208 | D:4      | Identified the +2 dagger of Exoneration {flame, Stlth+}
  3271 | D:4      | Identified the +9 ring mail of the Hidden Teeth {rN+ Int+3
                  | Stlth+}
  3344 | D:4      | Found a transporter.
  3355 | D:4      | Found a transporter.
  3355 | D:4      | Noticed pigah's ghost (amateur OpWn)
  3408 | D:4      | Identified the +5 scale mail "Ymneom" {rElec Str+3 Dex-5}
  3515 | D:4      | Reached skill level 1 in Conjurations
  3515 | D:4      | Reached XP level 6. HP: 47/47 MP: 7/12
  3897 | D:5      | Entered Level 5 of the Dungeon
  4122 | D:5      | Reached XP level 7. HP: 52/52 MP: 9/13
  4502 | D:5      | Found a staircase to the Ecumenical Temple.
  4624 | D:5      | Reached skill level 5 in Earth Magic
  4863 | D:5      | Reached XP level 8. HP: 59/59 MP: 12/14
  5253 | D:6      | Learned a level 3 spell: Ignite Poison
  5257 | D:6      | Learned a level 3 spell: Mephitic Cloud
  5392 | D:6      | Reached skill level 2 in Fighting
  5400 | D:6      | Reached skill level 1 in Armour
  5400 | D:6      | Reached skill level 1 in Poison Magic
  5554 | D:6      | Noticed a two-headed ogre
  5558 | D:6      | Killed a two-headed ogre
  5559 | D:6      | Reached skill level 3 in Fighting
  5559 | D:6      | Reached skill level 5 in Dodging
  5650 | D:6      | Noticed a troll
  5653 | D:6      | Killed a troll
  5974 | D:6      | Reached XP level 9. HP: 70/70 MP: 12/17
  6629 | D:7      | Noticed Maggie
  6634 | D:7      | Killed Maggie
  7050 | D:7      | Reached skill level 4 in Fighting
  7050 | D:7      | Reached skill level 1 in Long Blades
  7050 | D:7      | Reached skill level 1 in Fire Magic
  7159 | D:7      | Identified the +0 pair of gloves "Cood" {rF- rC++ Int+3
                  | Dex+2}
  7280 | D:7      | Found a runed translucent door.
  7282 | D:7      | Noticed IdlyInterested's ghost (novice DsWn)
  7482 | D:7      | Found a runed translucent door.
  7483 | D:7      | Noticed Crazy Yiuf
  7735 | D:7      | Killed IdlyInterested's ghost
  7911 | D:7      | Killed Crazy Yiuf
  8160 | D:8      | Reached XP level 10. HP: 66/80 MP: 11/20
  8548 | D:8      | Learned a level 5 spell: Irradiate
  9009 | D:9      | Found Eneehutuch's Weapon Shop.
  9018 | D:9      | Noticed a two-headed ogre
  9023 | D:9      | Reached skill level 5 in Spellcasting
  9252 | D:9      | Reached skill level 5 in Fighting
  9419 | D:9      | Reached skill level 5 in Conjurations
  9628 | D:9      | Bought a +2 heavy longbow for 379 gold pieces
  9860 | D:9      | Found Nemum's Armour Shop.
  9894 | D:9      | Reached skill level 1 in Ranged Weapons
 10180 | D:9      | Found a staircase to the Lair.
 10239 | D:9      | Killed a two-headed ogre
 10425 | D:10     | Entered Level 10 of the Dungeon
 10454 | D:10     | Reached skill level 5 in Transmutations
 10928 | D:10     | Found a runed translucent door.
 10928 | D:10     | Noticed a brown ugly thing
 10930 | D:10     | Noticed a two-headed ogre
 10977 | D:10     | Reached XP level 11. HP: 89/89 MP: 21/23
 11181 | D:10     | Reached skill level 6 in Fighting
 11529 | D:11     | Reached skill level 5 in Stealth
 12235 | D:11     | Found a staircase to the Orcish Mines.
 12661 | D:12     | Noticed a skeletal warrior
 12661 | D:12     | Noticed a skeletal warrior
 12747 | Lair:1   | Entered Level 1 of the Lair of Beasts
 12895 | Lair:1   | Learned a level 5 spell: Summon Mana Viper
 13207 | Lair:1   | Reached skill level 7 in Fighting
 13797 | Lair:2   | Reached XP level 12. HP: 92/100 MP: 26/26
 14180 | Lair:2   | Found a staircase to the Shoals.
 14192 | Lair:2   | Reached skill level 1 in Summonings
 14193 | Lair:2   | Reached skill level 5 in Ranged Weapons
 14712 | Lair:2   | Found a hole to the Spider Nest.
 15313 | Lair:3   | Noticed an eight-headed hydra
 15326 | Lair:3   | Killed an eight-headed hydra
 15327 | Lair:3   | Reached skill level 1 in Hexes
 16036 | Lair:3   | Reached skill level 8 in Fighting
 16601 | Lair:4   | Noticed a catoblepas
 16636 | Lair:4   | Noticed an eight-headed hydra
 16757 | Lair:4   | Found a staircase to the Slime Pits.
 16789 | Lair:4   | Killed an eight-headed hydra
 17016 | Lair:4   | Reached XP level 13. HP: 76/108 MP: 28/28
 18026 | Lair:5   | Entered Level 5 of the Lair of Beasts
 18410 | Lair:5   | Reached skill level 9 in Fighting
 18522 | Lair:5   | Reached skill level 5 in Summonings
 18892 | Orc:1    | Entered Level 1 of the Orcish Mines
 18914 | Orc:1    | Paralysed by an orc sorcerer for 4 turns
 18963 | Orc:1    | Found Biedoure's Armour Shop.
 19092 | Orc:2    | Entered Level 2 of the Orcish Mines
 19715 | Orc:2    | Found Joag's CLEARANCE SALE!.
 19732 | Orc:2    | Found a staircase to the Elven Halls.
 20236 | Orc:2    | Found Baohenau's Jewellery Emporium.
 20236 | Orc:2    | Found Acicwiq's Antique Armour Shop.
 20238 | Orc:2    | Found Oschiraa's General Store.
 20240 | Orc:2    | Found Duf Fych's Antique Weapon Shoppe.
 20268 | Orc:2    | Bought a pair of embroidered boots for 232 gold pieces
 20276 | Orc:2    | Bought a scroll of enchant weapon for 135 gold pieces
 21008 | D:13     | You fall into a shaft and drop 1 floor!
 21354 | D:14     | Reached skill level 10 in Fighting
 21817 | D:15     | Entered Level 15 of the Dungeon
 21817 | D:15     | Found Aheath's Magic Scroll Emporium.
 21821 | D:15     | Bought a scroll of identify for 22 gold pieces
 21821 | D:15     | Bought a scroll of enchant weapon for 82 gold pieces
 21821 | D:15     | Bought a scroll of identify for 22 gold pieces
 21821 | D:15     | Bought a scroll of identify for 22 gold pieces
 21821 | D:15     | Bought a scroll of magic mapping for 82 gold pieces
 21874 | D:15     | Reached skill level 1 in Evocations
 21874 | D:15     | Reached XP level 14. HP: 103/121 MP: 30/30
 23022 | D:15     | Found a staircase to the Depths.
 23079 | D:15     | Upgraded the game from 0.31-a0-133-gaae73658be to
                  | 0.31-a0-142-g31f6795574
 23185 | D:13     | Noticed Snorg
 23188 | D:13     | Noticed Mexzoddasi's ghost (journeyman MiBe)
 23453 | D:13     | Killed Snorg
 23553 | D:13     | Found a transporter.
 23571 | D:13     | Found a transporter.
 23593 | D:13     | Noticed Jorgrun
 23739 | D:12     | Found Zin's Purification Station.
 24563 | D:13     | Killed Jorgrun
 24892 | D:13     | Found a runed translucent gate.
 24892 | D:13     | Found a runed translucent gate.
 24892 | D:13     | Found a runed translucent gate.
 24975 | D:13     | Reached skill level 11 in Fighting
 25100 | D:13     | Found a gate to the Vaults.
 25447 | D:13     | Identified the ring "Earthly Heaven" {Fire rPois rN+
                  | Slay-2}
 25813 | Spider:1 | Entered Level 1 of the Spider Nest
 26699 | Spider:1 | Reached XP level 15. HP: 102/130 MP: 32/32
 26816 | Spider:1 | Reached skill level 5 in Evocations
 26823 | Spider:1 | HP: 5/130 [meliai/+1 hand axe of freezing (5)]
 26838 | Spider:1 | HP: 4/130 [broodmother (16)]
 26843 | Spider:1 | Reached skill level 10 in Ranged Weapons
 28802 | Spider:2 | Noticed Mlioglotl
 28813 | Spider:2 | Killed Mlioglotl
 29086 | Spider:2 | You fall into a shaft and drop 1 floor!
 29091 | Spider:3 | Noticed Agnes
 29097 | Spider:3 | Noticed Arachne
 29110 | Spider:3 | Noticed Bai Suzhen
 29114 | Spider:3 | Killed Agnes
 29119 | Spider:3 | Killed Bai Suzhen
 29139 | Spider:3 | Killed Arachne
 29592 | Spider:3 | Reached skill level 12 in Fighting
 29594 | Spider:3 | Noticed Nikola
 29614 | Spider:3 | Killed from afar by Nikola

Illustrated notes

Levels and vault maps discovered:
D:1:      denvon_arrival_waterhouse, layout_loops_ring,
          shapermc_ecumenical_altar_hornbeckon
D:2:      layout_rooms
D:3:      layout_basic, tgw_trog, serial_park_tiny_1, glass_columns_a
D:4:      minmay_diamond_boxcup, layout_cave_pools, minitemple,
          gammafunk_ghost_arena, dreamdust_gnoll_farm
D:5:      layout_loops_ring, minmay_temple_entry_butterflies, st_stairs_4,
          minmay_pentangle
D:6:      layout_layer_cave, mainiacjoe_overflow_surrounded_room,
          mainiacjoe_overflow_alcove_3, hangedman_decor_clover_reticule,
          minmay_crystal_room, minmay_three_doors
D:7:      layout_loops_ring, ebering_ghost_inner_flame, enter_ossuary_3,
          kennysheep_small_circle, uniq_maggie, uniq_crazy_yiuf_cottage
D:8:      layout_loops_ring
D:9:      layout_loops_ring, erik_lair_orcish_takeover, serial_shops, shop,
          nicolae_shop_bloodbath_and_beyond, serial_ice, serial_ice_n,
          serial_ice_c, serial_ice_e, serial_ice_o,
          chequers_serial_rivers_small_b
D:10:     layout_stronghold, serial_undead, serial_undead_b, serial_undead_e,
          serial_undead_e, serial_undead_c, minmay_st_funbox
D:11:     layout_irregular_city, zombieorc2_lemuel, minmay_misc_feat_plants
D:12:     layout_roguey, zin_purify
D:13:     gammafunk_sealed_arena, layout_irregular_city,
          grunt_vaults_entry_tiered, maelrawn_ghost_gauntlet_escape, uniq_snorg,
          uniq_jorgrun
D:14:     layout_irregular_city, solitary_fountain, xom_teletrap_fun
D:15:     grunt_enter_depths_hoard, layout_cross,
          nicolae_ru_the_path_less_chosen, serial_shops, shop
Lair:1:   layout_chaotic_city, worms_lemuel
Lair:2:   layout_chaotic_city, nicolae_shoals_entry_roost,
          nicolae_spider_entry_orb_guardian, basic_altar
Lair:3:   layout_cave_pods, grunt_megastairs_1, serial_bayou_shore_a,
          serial_bayou_shore_b
Lair:4:   nzn_winding_woodlands_small [nzn_winding_woodlands_5x15_cabin,
          nzn_winding_woodlands_center_garden,
          nzn_winding_woodlands_5x15_parted], layout_misc_corridors,
          slime_entry_1, lemuel_fruit_fields
Lair:5:   cheibrodos_lair_end_hotspot, layout_cave_pods
Spider:1: layout_spider_delve, drop_trap
Spider:2: layout_spider_delve, uniq_mlioglotl
Spider:3: layout_spider_delve, uniq_arachne, uniq_agnes, uniq_nikola,
          uniq_bai_suzhen
Orc:1:    layout_diamond_mine, serial_shops, nicolae_shop_mannequins
Orc:2:    st_orc_rangers, layout_diamond_mine, nicolae_shop_clearance

Skill      XL: |  1  2  3  4  5  6  7  8  9 10 11 12 13 14 15 |
---------------+----------------------------------------------+-----
Transmutations | 1 2 3 4 5 6 |  6.5
Stealth        | 2 4 6 7 |  7.7
Dodging        | 2 3 4 5 7 |  7.1
Spellcasting   | 2 3 4 5 6 7 9 |  9.1
Earth Magic    | 3 4 5 |  5.2
Fighting       | 1 3 4 5 7 8 10 11 12 | 12.0
Conjurations   | 1 2 3 4 5 7 |  7.4
Armour         | 2 3 4 |  4.0
Poison Magic   | 2 3 |  3.0
Long Blades    | 2 3 |  3.2
Fire Magic     | 2 |  2.7
Ranged Weapons | 2 4 6 8 9 10 | 10.7
Summonings     | 3 6 8 9 |  9.5
Hexes          | 2 4 |  4.3
Evocations     | 1 4 5 |  5.2

Action                     |  1- 3 |  4- 6 |  7- 9 | 10-12 | 13-15 || total
---------------------------+-------+-------+-------+-------+-------++-------
  Melee: Unarmed           |    13 |       |       |       |       ||    13
         Falchion          |       |    41 |    42 |    15 |       ||    98
         Punch             |       |     1 |       |       |       ||     1
         Longbow           |       |       |       |       |     1 ||     1
   Fire: Longbow           |       |       |       |   402 |   720 ||  1122
   Cast: Sandblast         |    78 |    55 |   153 |   123 |       ||   409
         Wereblood         |       |     3 |     3 |     4 |    14 ||    24
         Stone Arrow       |       |       |    14 |    13 |     5 ||    32
         Mephitic Cloud    |       |       |     6 |    22 |    35 ||    63
         Ignite Poison     |       |       |     5 |    21 |    29 ||    55
         Irradiate         |       |       |       |    12 |    46 ||    58
         Summon Mana Viper |       |       |       |     1 |    10 ||    11
  Evoke: Lightning rod     |       |       |       |       |     4 ||     4
         Wand              |       |       |       |       |     4 ||     4
         Phial of floods   |       |       |       |       |     1 ||     1
         Phantom mirror    |       |       |       |       |     1 ||     1
    Use: Scroll            |       |       |     5 |     1 |    28 ||    34
         Potion            |       |       |       |     3 |    10 ||    13
   Stab: Sleeping          |       |     1 |       |       |       ||     1
 Armour: Robe              |    15 |     7 |       |       |       ||    22
         Ring mail         |       |    41 |   109 |   248 |   466 ||   864
  Dodge: Dodged            |    47 |    77 |   107 |   431 |   767 ||  1429
  Block: Other             |       |    13 |    41 |   129 |   238 ||   421
         Reflection        |       |       |       |     6 |    32 ||    38

Table legend: (Time is in decaauts)
 A = Elapsed time spent in this place.
 B = Non-inter-level travel time spent in this place.
 C = Inter-level travel time spent in this place.
 D = Time resting spent in this place.
 E = Time spent auto-exploring this place.
 F = Levels seen in this place.
 G = Mean time per level.
                   A        B        C        D        E       F      G
               +--------+--------+--------+--------+--------+-----+--------+
         Total |  31104 |  29911 |   1193 |   3743 |  20201 |  25 | 1244.2 |
       Dungeon |  18711 |  17846 |    865 |   1678 |  12763 |  15 | 1247.4 |
          Lair |   6549 |   6308 |    241 |    363 |   4723 |   5 | 1309.8 |
   Spider Nest |   3989 |   3989 |      0 |   1378 |   1839 |   3 | 1329.7 |
  Orcish Mines |   1853 |   1768 |     85 |    324 |    876 |   2 |  926.5 |
               +--------+--------+--------+--------+--------+-----+--------+

Top non-repeatable levels by time:
Spider:2: 1782 daAuts
  Lair:3: 1702 daAuts
Spider:1: 1663 daAuts
    D:13: 1606 daAuts
  Lair:4: 1566 daAuts
    D:11: 1458 daAuts
     D:7: 1448 daAuts
  Lair:2: 1427 daAuts
     D:6: 1413 daAuts
     D:9: 1402 daAuts
    D:10: 1364 daAuts
    D:12: 1346 daAuts
    D:15: 1302 daAuts
     D:5: 1280 daAuts
     D:8: 1260 daAuts
